 Dungeon Crawl Stone Soup version 0.25-a0-591-g2ad0d861f1 (webtiles) character file.

Game seed: 498913748651573710, levelgen mode: deterministic

8887 tilp the Severer (level 11, 0/91 HPs)
             Began as a Hill Orc Monk on Mar 14, 2020.
             Was an Elder of Beogh.
             Succumbed to an orc high priest's poison
             ... on level 10 of the Dungeon.
             The game lasted 00:27:18 (10065 turns).

tilp the Severer (Hill Orc Monk)                   Turns: 10065, Time: 00:27:19

Health: 0/91       AC: 21    Str: 18    XL:     11   Next: 37%
Magic:  18/18      EV:  9    Int: 10    God:    Beogh [****..]
Gold:   303        SH:  3    Dex: 13    Spells: 10/10 levels left

rFire    . . .     SeeInvis .   a - +1 war axe
rCold    . . .     Gourm    .   (no shield)
rNeg     . . .     Faith    .   Y - +0 chain mail {rPois}
rPois    +         Spirit   .   r - +1 helmet
rElec    .         Reflect  +   t - +2 cloak
rCorr    .         Harm     .   p - +1 pair of gloves
MR       +....                  h - +2 pair of boots
Stlth    ..........             I - +3 amulet of reflection
HPRegen  0.25/turn              K - +1 ring of protection
MPRegen  0.16/turn              U - ring of protection from magic

@: lethally poisoned (0 -> -16)
A: no striking features
a: Smiting, Recall Orcish Followers, Renounce Religion


You were on level 10 of the Dungeon.
You worshipped Beogh.
Beogh was greatly pleased with you.
You were hungry.

You visited 1 branch of the dungeon, and saw 10 of its levels.

You collected 692 gold pieces.
You spent 389 gold pieces at shops.

Inventory:

Hand Weapons
 a - a +1 war axe (weapon)
 u - a +0 antimagic quarterstaff
 P - a +0 glaive
 S - a +3 halberd of freezing
 V - a cursed +3 morningstar
 X - a +4 eveningstar
 Z - a +1 great mace
Missiles
 b - 6 boomerangs (quivered)
 d - 3 boomerangs of dispersal
 R - a throwing net
 W - 9 javelins
Armour
 h - a +2 pair of boots (worn)
 p - a +1 pair of gloves (worn)
 r - a +1 helmet (worn)
 t - a +2 cloak (worn)
 Y - a +0 chain mail of poison resistance (worn)
Jewellery
 q - an uncursed ring of protection from cold
 x - an uncursed ring of positive energy
 y - an uncursed ring of teleportation
 I - a +3 amulet of reflection (around neck)
 K - a +1 ring of protection (left hand)
 T - an uncursed ring of fire
 U - a ring of protection from magic (right hand)
Wands
 e - a wand of polymorph (13)
 k - a wand of acid (13)
 n - a wand of flame (22)
 v - a wand of random effects (23)
 A - a wand of paralysis (4)
 D - a wand of iceblast (2)
 O - a wand of disintegration (6)
Scrolls
 f - 5 scrolls of teleportation
 i - a scroll of immolation
 m - a scroll of noise {unknown}
 s - 3 scrolls of fear
 z - 5 scrolls of remove curse
 B - 4 scrolls of blinking
 H - a scroll of brand weapon {unknown}
 N - a scroll of enchant weapon
 Q - a scroll of silence
Potions
 g - 2 potions of magic
 j - 2 potions of heal wounds
 l - a potion of lignification
 o - a potion of flight
 w - 2 potions of curing
 C - a potion of invisibility
 E - 6 potions of haste
 F - 2 potions of ambrosia
 G - a potion of brilliance {unknown}
 J - a potion of resistance
 L - a potion of mutation
 M - a potion of might
Comestibles
 c - 26 rations


   Skills:
 + Level 6.7 Fighting
 - Level 16.3 Axes
 - Level 4.0 Armour
 - Level 4.3 Dodging
 - Level 1.5 Stealth
 - Level 10.0 Invocations
 - Level 4.0 Evocations


You had 10 spell levels left.
You didn't know any spells.
Your spell library contained the following spells:

 Spells                   Type           Power        Failure   Level  Hunger
 Magic Dart               Conj           #...         99%         1    ##.....
 Blink                    Tloc           N/A          100%        2    ###....
 Call Imp                 Summ           #.......     100%        2    ###....
 Poisonous Vapours        Pois/Air       #.....       100%        2    ###....
 Slow                     Hex            #.......     100%        2    ###....
 Conjure Flame            Conj/Fire      #.......     100%        3    ####...
 Mephitic Cloud           Conj/Pois/Air  #.......     100%        3    ####...
 Freezing Cloud           Conj/Ice/Air   #.........   100%        6    #######
 Ring of Flames           Chrm/Fire      #.........   100%        7    #######


Dungeon Overview and Level Annotations

Branches:
Dungeon (10/15)            Temple (0/1) D:5            Lair (0/6) D:10
    Orc: D:9-12

Altars:
Ashenzari
Cheibriados
Dithmenos
Fedhas
Gozag
Hepliaklqana
Kikubaaqudgha
Makhleb
Okawaru
Ru
Trog
Xom

Shops:
D:7 ?

Annotations:
D:3 1 runed translucent door, Crazy Yiuf, Grinder


Message History

* * * LOW HITPOINT WARNING * * *
The ice dragon claws you but does no damage.
The ice dragon tramples you but does no damage.
Something hits the ice dragon.
The orange demon stings you from afar!
* * * LOW HITPOINT WARNING * * *
Unknown command.
You hit the orc high priest.
The orc high priest is almost dead.
You hit the ice dragon but do no damage.
You feel sick.
The orc high priest hits you but does no damage.
You are more poisoned.
The ice dragon bites you!
* * * LOW HITPOINT WARNING * * *
The ice dragon claws you.
* * * LOW HITPOINT WARNING * * *
The ice dragon tramples you but does no damage.
Unknown command.
You swap places.
You die...

......# #.## #.#.#.#.#.# ##o#
......# #.# #.........# #.#
.....#####.#########'##**#####.##
.o..o##...o...#* ##o#o## #..#.#o.
....o#.o#####..###o###o###o#.#.#o
..ooo#o##..,*#.##.##5##o###oo#.#.
....o#o#,....#.#D##355##.#o###.#.
...o.o.#,......'#ooT355##o#...#.#
....o#.#,....#.#@##455##o#.###..#
.....#.#*[.,*#.##o##5##o##....##.
.....#..*****.,**#o###o###.....o#
.....##..,,,..** *#o#o## #.......
.....#*###,##** ####o## #####.##
......* *,* #.....#### #.#
.....,* *,** #.###....# ##o#
,,,,,,* *,,** ##o#o#o##.# ##..#
,,,,,,** *#..###.oooo..#.###..##


You could see an orc high priest, a deep troll earth mage, a neqoxec, a
ynoxinul, a crimson imp, 4 ufetubi, 2 friendly orc warriors, 2 friendly orc
priests and a friendly orc.

Vanquished Creatures
  A hydra (D:8)
  A death knight (D:10)
  A two-headed ogre (D:9)
  Pikel (D:5)
  Joseph (D:8)
  A gargoyle (D:10)
  A komodo dragon (D:10)
  A hippogriff (D:8)
  A vampire (D:10)
  A yak (D:10)
  A basilisk (D:10)
  2 humans (D:8)
  2 orc warriors (D:9)
  An ice beast (D:9)
  A slave (D:5)
  A black bear (D:8)
  3 ogres
  A phantom (D:7)
  4 centaurs
  A crocodile (D:10)
  3 bullfrogs
  5 scorpions
  A killer bee (D:8)
  A wight (D:10)
  A howler monkey (D:4)
  4 jellies
  2 crimson imps
  2 hounds
  2 orc priests
  A bullfrog skeleton (D:7)
  Ijyb (D:5)
  9 worker ants
  Natasha (twice) (D:3)
  An iguana (D:5)
  6 orc wizards
  A killer bee zombie (D:8)
  A hound skeleton (D:7)
  2 worker ant zombies
  Robin (D:3)
  4 gnolls (D:3)
  A howler monkey skeleton (D:8)
  14 adders
  A shadow imp (D:10)
  An ooze (D:4)
  An adder skeleton (D:5)
  2 worms
  6 dart slugs
  4 leopard geckos
  20 orcs
  5 giant cockroaches
  13 goblins
  13 hobgoblins
  2 jackals (D:9)
  6 quokkas
  A ball python skeleton (D:6)
  9 bats
  5 frilled lizards
  A giant cockroach zombie (D:5)
  A jackal skeleton (D:8)
  10 kobolds
  3 quokka skeletons
  8 rats
204 creatures vanquished.

Vanquished Creatures (collateral kills)
  A two-headed ogre (D:8)
  Urug (D:10)
  A centaur skeleton (D:10)
  A merfolk (D:9)
  A water moccasin (D:8)
  A sky beast (D:10)
  2 black bears (D:8)
  A phantom (D:9)
  2 ogres (D:8)
  A centaur (D:6)
  4 bullfrogs (D:7)
  A wyvern skeleton (D:9)
  3 scorpions
  3 wights (D:10)
  4 killer bees (D:8)
  A howler monkey (D:6)
  A bullfrog zombie (D:8)
  A jelly (D:7)
  2 crimson imps (D:8)
  3 hounds
  A quasit (D:9)
  2 orc priests
  An iguana (D:8)
  4 orc wizards
  5 worker ants
  A hound skeleton (D:7)
  A worker ant zombie (D:6)
  An adder (D:6)
  A shadow imp (D:6)
  An ooze (D:7)
  11 orcs
  A quokka (D:7)
65 creatures vanquished.

Vanquished Creatures (others)
  2 orc warriors
  6 orc priests
  7 orc wizards
  19 orcs
  4 goblins (D:3)
38 creatures vanquished.

Grand Total: 307 creatures vanquished

Notes
Turn   | Place    | Note
-------+----------+-------------------------------------------
     0 | D:1      | tilp the Hill Orc Monk began the quest for the Orb.
     0 | D:1      | Reached XP level 1. HP: 19/19 MP: 1/1
   262 | D:1      | Reached XP level 2. HP: 27/27 MP: 2/2
   547 | D:1      | Reached skill level 5 in Axes
   550 | D:1      | Reached XP level 3. HP: 29/33 MP: 3/3
  1227 | D:2      | Found a faded altar of an unknown god.
  1381 | D:2      | Found a snail-covered altar of Cheibriados.
  1447 | D:2      | Reached XP level 4. HP: 34/40 MP: 4/4
  1768 | D:3      | Found a burning altar of Makhleb.
  1769 | D:3      | Noticed Grinder
  1812 | D:3      | Reached skill level 6 in Axes
  2126 | D:3      | Reached skill level 1 in Armour
  2154 | D:3      | Found a shadowy altar of Dithmenos.
  2417 | D:3      | Found a runed translucent door.
  2418 | D:3      | Noticed Crazy Yiuf
  2453 | D:3      | Became a worshipper of Beogh the Brigand
  2453 | D:3      | Reached * piety under Beogh
  2453 | D:3      | Reached ** piety under Beogh
  2929 | D:3      | Reached XP level 5. HP: 38/46 MP: 5/5
  3119 | D:3      | Noticed Natasha
  3134 | D:3      | Killed Natasha
  3134 | D:3      | Reached skill level 7 in Axes
  3473 | D:3      | Noticed Robin
  3490 | D:3      | Killed Robin
  3914 | D:3      | Noticed Natasha
  3921 | D:3      | Killed Natasha
  3921 | D:3      | Reached XP level 6. HP: 31/52 MP: 6/6
  4241 | D:4      | Reached skill level 8 in Axes
  4661 | D:4      | Reached XP level 7. HP: 59/59 MP: 7/7
  4746 | D:4      | Reached skill level 9 in Axes
  4964 | D:5      | Entered Level 5 of the Dungeon
  5000 | D:5      | Found a staircase to the Ecumenical Temple.
  5143 | D:5      | Reached *** piety under Beogh
  5215 | D:5      | Found a snail-covered altar of Cheibriados.
  5228 | D:5      | Noticed Ijyb
  5234 | D:5      | Paralysed by Ijyb for 3 turns
  5252 | D:5      | Killed Ijyb
  5252 | D:5      | Reached skill level 1 in Invocations
  5493 | D:5      | Reached skill level 10 in Axes
  5524 | D:5      | Found a sacrificial altar of Ru.
  5527 | D:5      | Found a blossoming altar of Fedhas.
  5777 | D:5      | Noticed Pikel
  5790 | D:5      | Killed Pikel
  5790 | D:5      | Reached skill level 11 in Axes
  5790 | D:5      | Reached XP level 8. HP: 62/66 MP: 8/11
  6089 | D:6      | Reached skill level 5 in Invocations
  6163 | D:6      | Reached skill level 12 in Axes
  6309 | D:6      | Found an ancient bone altar of Kikubaaqudgha.
  6831 | D:7      | Gained Warbeogh as an ally
  6834 | D:7      | Reached XP level 9. HP: 71/71 MP: 13/13
  7006 | D:7      | Reached **** piety under Beogh
  7103 | D:7      | Found Tamikax's Magic Scroll Shop.
  7116 | D:7      | Bought a scroll of identify for 26 gold pieces
  7116 | D:7      | Bought 3 scrolls of remove curse for 117 gold pieces
  7116 | D:7      | Bought a scroll of silence for 97 gold pieces
  7116 | D:7      | Bought a scroll of blinking for 97 gold pieces
  7116 | D:7      | Bought a scroll of identify for 26 gold pieces
  7116 | D:7      | Bought a scroll of identify for 26 gold pieces
  7119 | D:7      | You fall into a shaft and drop 3 floors!
  7119 | D:10     | Entered Level 10 of the Dungeon
  7177 | D:9      | Reached skill level 13 in Axes
  7189 | D:9      | Gained Oruk as an ally
  7234 | D:8      | Your ally Oruk died
  7237 | D:8      | Noticed a two-headed ogre
  7246 | D:8      | Killed a two-headed ogre
  7246 | D:8      | Reached skill level 14 in Axes
  7250 | D:8      | Noticed Joseph
  7253 | D:8      | Killed Joseph
  7477 | D:8      | Reached XP level 10. HP: 77/78 MP: 16/16
  7584 | D:7      | Found an ancient bone altar of Kikubaaqudgha.
  7707 | D:8      | Found a bloodstained altar of Trog.
  7715 | D:8      | Reached skill level 15 in Axes
  7828 | D:8      | Found an iron altar of Okawaru.
  7986 | D:8      | Found a hazy altar of Hepliaklqana.
  8062 | D:8      | Noticed a five-headed hydra
  8067 | D:8      | Killed a five-headed hydra
  8067 | D:8      | Reached skill level 16 in Axes
  8282 | D:8      | Reached skill level 1 in Evocations
  8541 | D:9      | Found an opulent altar of Gozag.
  8548 | D:9      | Found a shimmering altar of Xom.
  8548 | D:9      | Found a shimmering altar of Xom.
  8551 | D:9      | Found a hazy altar of Hepliaklqana.
  8551 | D:9      | Found a shattered altar of Ashenzari.
  8551 | D:9      | Found an opulent altar of Gozag.
  8836 | D:9      | Noticed a two-headed ogre
  8839 | D:9      | Killed a two-headed ogre
  8909 | D:9      | Found an opulent altar of Gozag.
  9184 | D:10     | Reached skill level 10 in Invocations
  9184 | D:10     | Reached XP level 11. HP: 84/84 MP: 18/18
  9245 | D:10     | Noticed Urug
  9255 | D:10     | Killed Urug
  9255 | D:10     | Reached skill level 5 in Fighting
  9539 | D:10     | Noticed a death knight
  9556 | D:10     | Killed a death knight
  9729 | D:10     | Gained Bogwald as an ally
 10040 | D:10     | Noticed an ice dragon
 10040 | D:10     | Noticed a deep troll earth mage
 10041 | D:10     | Found the +8 storm bow {elec, penet}
 10041 | D:10     | Noticed an orc high priest
 10049 | D:10     | Your ally Warbeogh died
 10054 | D:10     | Your ally Bogwald died
 10064 | D:10     | HP: 1/91 [ice dragon (4)]
 10065 | D:10     | Succumbed to an orc high priest's poison

Levels and vault maps discovered:
D:1:      dpeg_arrival_water_temple_mockup, layout_loops_ring,
          minmay_tetromino_i2
D:2:      layout_basic, chequers_ecumenical_altar_island, first_ration,
          cheibriados_altar_1
D:3:      layout_basic, bloody_makhleb, marbit_many_paths, uniq_robin,
          uniq_crazy_yiuf_cottage, uniq_grinder, uniq_natasha
D:4:      layout_gridville
D:5:      layout_gridville, kennysheep_mini_moat, grunt_temple_overflow_open,
          temple_fountains, uniq_ijyb, uniq_pikel
D:6:      layout_basic, basic_altar, minmay_a_box_with_orc_wizards_in_it
D:7:      layout_basic, serial_shops, shop, lemuel_altar_in_water
D:8:      layout_rooms, lemuel_doored_altar, trog_ov_bears_minmay,
          okawaru_humans, uniq_joseph
D:9:      layout_small_grid, old_standard_altar, hangedman_fish_farm,
          doesnt_xom_only_xom
D:10:     minmay_the_grid_plus_closed [minmay_the_grid_small_cups,
          minmay_the_grid_dragon_b, minmay_the_grid_expand,
          minmay_the_grid_slots, minmay_the_grid_prize_diamond_cup],
          layout_irregular_city, lair_entry_dummy, serial_shops, shop_coins,
          st_stairs_7, uniq_urug

Skill      XL: |  1  2  3  4  5  6  7  8  9 10 11 |
---------------+----------------------------------+-----
Fighting       | 4 6 |  6.7
Axes           | 5 6 7 8 11 12 14 16 | 16.3
Armour         | 1 2 3 4 |  4.0
Invocations    | 4 5 8 10 | 10.0
Evocations     | 4 |  4.0
Dodging        | 4 |  4.3
Stealth        | |  1.5

Action                   |  1- 3 |  4- 6 |  7- 9 | 10-12 || total
-------------------------+-------+-------+-------+-------++-------
Melee: Hand axe          |    97 |       |       |       ||    97
       War axe           |    20 |   174 |   256 |   260 ||   710
Throw: Boomerang         |       |     4 |       |       ||     4
Invok: Convert to Beogh  |       |     1 |       |       ||     1
       Smiting           |       |       |     3 |     4 ||     7
       Recall Orcish Fol |       |       |     1 |       ||     1
Evoke: Wand              |       |       |     7 |     7 ||    14
  Use: Scroll            |     2 |     5 |    12 |     4 ||    23
 Stab: Sleeping          |     6 |       |       |       ||     6
       Paralysed         |       |       |     3 |       ||     3
       Distracted        |       |       |     1 |     7 ||     8
  Eat: Chunk             |     2 |    10 |     9 |     8 ||    29
Armor: Robe              |    20 |    19 |       |       ||    39
       Chain mail        |       |    57 |   153 |   143 ||   353
Dodge: Dodged            |    76 |   120 |    78 |    78 ||   352
Block: Other             |       |       |     7 |    24 ||    31
       Reflection        |       |       |       |     1 ||     1

Table legend:
 A = Non-vault XP
 B = Vault XP
 C = Vault XP percentage of total XP
 D = Non-vault monster count
 E = Vault monster count
 F = Vault count percentage of total count
                 A         B        C        D         E       F
            +---------+---------+-------+---------+---------+-------
      Total |    8375 |    4321 |  34.0 |     236 |      33 |  12.3
            +---------+---------+-------+---------+---------+-------
        D:1 |      51 |       3 |   5.6 |      27 |       2 |   6.9
        D:2 |      28 |       0 |   0.0 |      16 |       0 |   0.0
        D:3 |     184 |      66 |  26.4 |      31 |      11 |  26.2
        D:4 |     471 |       0 |   0.0 |      25 |       0 |   0.0
        D:5 |     374 |     653 |  63.6 |      19 |       2 |   9.5
        D:6 |     392 |      20 |   4.9 |      17 |       1 |   5.6
        D:7 |     840 |       0 |   0.0 |      23 |       0 |   0.0
        D:8 |    2922 |     982 |  25.2 |      41 |       5 |  10.9
        D:9 |    1857 |     246 |  11.7 |      23 |       1 |   4.2
       D:10 |    1256 |    2351 |  65.2 |      14 |      11 |  44.0
            +---------+---------+-------+---------+---------+-------
